 Dungeon Sprint DCSS version 0.18-a0-1788-g92de1ac (webtiles) character file.

24253 Kidiri the Tortoise (level 13, -1/94 HPs)
             Began as a Gargoyle Fighter on Apr 19, 2016.
             Was a High Priest of Okawaru.
             Slain by a jumping spider (5 damage)
             ... in the Dungeon (Sprint IX: "|||||||||||||||||||||||||||||").
             The game lasted 00:25:55 (4092 turns).

Kidiri the Tortoise (Gargoyle Fighter)              Turns: 4092, Time: 00:25:55

Health: -1/94      AC:  6    Str: 19    XL:     13   Next: 11%
Magic:  21/21      EV: 10    Int: 10    God:    Okawaru [*****.]
Gold:   1756       SH: 15    Dex:  9    Spells: 0 memorised, 12 levels left

rFire  + . .     SeeInvis +     r - +1 demon whip
rCold  x . .     Gourm    .     L - +2 plate armour
rNeg   + + .     Faith    .     c - +1 shield
rPois  ∞         Spirit   .     x - +0 hat {SInv}
rElec  +         Dismiss  .     g - +0 cloak
rCorr  .         Reflect  .     K - +2 pair of gloves {archery}
SustAt .         Harm     .     y - +1 pair of boots
MR     .....     NoTele   +     (no amulet)
Stlth  ..........               s - +2 ring of protection
                                G - ring "Jasse" {Fire rElec rPois rN+ Str-5}

@: corroded, very slightly contaminated, not resistant to hostile enchantments,
extremely unstealthy
A: negative energy resistance 1, electricity resistance, unbreathing,
petrification resistance, rot immunity, AC +9
a: Heroism, Finesse, Renounce Religion


You were in the Dungeon.
You worshipped Okawaru.
Okawaru was extremely pleased with you.
You were not hungry.

You visited 1 branch You collected 1926 gold pieces.
You spent 170 gold pieces at shops.

Inventory:

Hand Weapons
 a - a +4 morningstar of protection
 r - a +1 demon whip (weapon)
Missiles
 E - 6 tomahawks (quivered)
Armour
 c - a +1 shield (worn)
 g - a +0 cloak (worn)
 x - a +0 hat of see invisible (worn)
 y - a +1 pair of boots (worn)
 K - a +2 pair of gloves of archery (worn)
 L - a +2 plate armour (worn)
Jewellery
 q - a +3 ring of dexterity
 s - a +2 ring of protection (right hand)
 u - an uncursed ring of protection from cold
 G - the ring "Jasse" (left hand) {Fire rElec rPois rN+ Str-5}
   (You bought it in a shop in the Dungeon)

   [ring of fire]

   It enhances your fire magic, and weakens your ice magic.
   It affects your strength (-5).
   It protects you from fire.
   It makes you vulnerable to cold.
   It insulates you from electricity.
   It protects you from poison.
   It protects you from negative energy.
 H - an uncursed ring of protection from fire
 I - an uncursed ring of protection from fire
Wands
 p - a wand of acid (6/15)
 w - a wand of confusion (30/48)
Scrolls
 b - a scroll of recharging
 k - 4 scrolls of blinking
 n - 5 scrolls of remove curse
 o - 2 scrolls of amnesia
 v - 2 scrolls of identify
Potions
 d - 2 potions of might
 e - 6 potions of curing
 h - 2 potions of haste
 i - 4 potions of magic
 j - a potion of invisibility
 l - 2 potions of agility
 m - 4 potions of heal wounds
 t - a potion of brilliance
 F - a potion of mutation
Comestibles
 f - 13 bread rations
 z - 40 fruits
 A - 10 meat rations
 B - 4 chunks of flesh


   Skills:
 * Level 16.2 Fighting
 + Level 11.2 Maces & Flails
 * Level 16.4 Armour
 * Level 12.7 Dodging
 * Level 16.4 Shields
 + Level 11.6 Invocations


You had 12 spell levels left.
You didn't know any spells.

Dungeon Overview and Level Annotations

Branches:
Dungeon (1/1)

Altars:
Cheibriados
Dithmenos
Elyvilon
Fedhas
Gozag
Kikubaaqudgha
Makhleb
Nemelex Xobeh
Okawaru
Pakellas
Qazlal
Ru
Sif Muna
Trog
Vehumet
Xom
Yredelemnul
Zin
The Shining One
Beogh
Jiyva
Lugonu

Shops:
D *([!


Innate Abilities, Weirdness & Mutations

You are resistant to torment.
Your stone body is resilient (AC +9).
You are immune to poison.
You resist negative energy.
You are resistant to electric shocks.
You can survive without breathing.
You are immune to petrification.
You are immune to rotting.


Message History

As you read the scroll of blinking, it crumbles to dust.
You block the jumping spider's attack.
The jumping spider bites you but does no damage.
Evoke which item? (* to show all) (? for menu, Esc to quit)
Zapping:
p - a wand of acid (7/15)
Press: ? - help, Shift-Dir - straight line, f - jumping spider
Aim: a jumping spider The bolt of acid hits the jumping spider.
The acid corrodes the jumping spider!
The jumping spider is lightly wounded.
The bolt of acid hits the entropy weaver.
The acid corrodes the entropy weaver!
The entropy weaver is severely wounded.
The bolt of acid hits the demonic crawler.
The acid corrodes the demonic crawler!
The demonic crawler is moderately wounded.
This wand has 6 charges left.
The jumping spider pounces on you!
* * * LOW HITPOINT WARNING * * *
The jumping spider bites you.
You die...

.▓.▓.▓.▓)▓.▓.▓.♣%♣
'▓.▓.▓.▓)▓.▓)▓.♣)♣
_▓.▓.▓.▓)▓.▓)▓.♣.♣
_▓.▓.▓.▓)▓.▓)▓.♣.♣
_▓.▓.▓.▓)▓.▓)▓.♣.♣
_▓.▓.▓.▓)▓.▓)▓.♣%♣
_▓.▓'▓.▓)▓.▓)▓.♣.♣
_▓.▓.▓.▓)▓.▓)▓.♣.♣
_▓.▓.▓.▓)▓.▓.▓.♣@♣
_▓.▓.▓.▓.▓.▓[▓.♣s♣
_▓.▓.▓.▓.▓.▓[▓.▓†▓
_▓.▓.▓.▓.▓.▓.▓.▓p▓
_▓.▓.▓.▓)▓.▓.▓.▓.▓
_▓.▓.▓.▓)▓.▓[▓.▓s▓
_▓.▓.▓.▓)▓.▓[▓.▓s▓
_▓.▓)▓.▓)▓.▓[▓.▓.▓
_▓.▓÷▓.▓)▓.▓[▓.▓.▓


You could see an entropy weaver, a demonic crawler, a jumping spider and a
tarantella.

Vanquished Creatures
  3 hydras (D)
  3 ice dragons (D)
  Erica (D)
  2 catoblepae (D)
  An alligator (D)
  A deep troll shaman (D)
  3 death yaks (D)
  An unseen horror (D)
  A hill giant (D)
  11 orc knights (D)
  2 ugly things (D)
  A hornet (D)
  2 wolf spiders (D)
  A moth of wrath (D)
  Maurice (D)
  4 spiny frogs (D)
  A komodo dragon (D)
  3 yaktaurs (D)
  A jumping spider (D)
  A slime creature (D)
  A blink frog (D)
  A tarantella (D)
  A wyvern (D)
  4 yaks (D)
  2 hippogriffs (D)
  A soldier ant (D)
  3 water moccasins (D)
  4 porcupines (D)
  A swamp drake (D)
  13 orc warriors (D)
  An ice beast (D)
  A crocodile (D)
  6 giant frogs (D)
  2 crimson imps (D)
  A quasit (D)
  2 orc priests (D)
  An iguana (D)
  6 orc wizards (D)
  A river rat (D)
  A dart slug (D)
  11 orcs (D)
  A ball python (D)
  2 bats (D)
  A rat (D)
112 creatures vanquished.

Vanquished Creatures (others)
  An alligator (D)
  A spatial maelstrom (D)
  A spriggan druid (D)
  A vampire mosquito (D)
  2 swamp drakes (D)
6 creatures vanquished.

Grand Total: 118 creatures vanquished

Notes
Turn   | Place    | Note
--------------------------------------------------------------
     0 | D        | Kidiri the Gargoyle Fighter began the quest for the Orb.
     0 | D        | Reached XP level 1. HP: 14/14 MP: 1/1
    10 | D        | Banished a spatial maelstrom
    29 | D        | Reached skill level 1 in Dodging
    42 | D        | Reached XP level 2. HP: 12/20 MP: 2/2
   175 | D        | Noticed a crimson imp
   175 | D        | Noticed a crimson imp
   193 | D        | HP: 1/20 [orc/flail of holy wrath (6)]
   199 | D        | Killed a crimson imp
   199 | D        | Reached XP level 3. HP: 24/24 MP: 3/3
   214 | D        | Reached skill level 5 in Fighting
   214 | D        | Reached skill level 5 in Armour
   214 | D        | Reached skill level 5 in Shields
   214 | D        | Reached XP level 4. HP: 23/31 MP: 4/4
   292 | D        | Found a glowing silver altar of Zin.
   292 | D        | Found a glowing golden altar of the Shining One.
   292 | D        | Found an ancient bone altar of Kikubaaqudgha.
   292 | D        | Found a basalt altar of Yredelemnul.
   292 | D        | Found a shimmering altar of Xom.
   292 | D        | Found a radiant altar of Vehumet.
   293 | D        | Found an iron altar of Okawaru.
   294 | D        | Found a burning altar of Makhleb.
   295 | D        | Found a deep blue altar of Sif Muna.
   296 | D        | Found a bloodstained altar of Trog.
   297 | D        | Found a sparkling altar of Nemelex Xobeh.
   298 | D        | Found a white marble altar of Elyvilon.
   299 | D        | Found a roughly hewn altar of Beogh.
   300 | D        | Found a viscous altar of Jiyva.
   301 | D        | Found a corrupted altar of Lugonu.
   302 | D        | Found a blossoming altar of Fedhas.
   303 | D        | Found a snail-covered altar of Cheibriados.
   304 | D        | Found a shadowy altar of Dithmenos.
   305 | D        | Found a stormy altar of Qazlal.
   306 | D        | Found an opulent altar of Gozag.
   307 | D        | Found a sacrificial altar of Ru.
   308 | D        | Found an oddly glowing altar of Pakellas.
   393 | D        | Became a worshipper of Warmaster Okawaru
   421 | D        | Noticed a giant frog
   421 | D        | Noticed a giant frog
   421 | D        | Noticed a giant frog
   425 | D        | Killed a giant frog
   425 | D        | Reached skill level 1 in Invocations
   425 | D        | Reached XP level 5. HP: 36/36 MP: 4/6
   443 | D        | Reached * piety under Okawaru
   443 | D        | Reached XP level 6. HP: 39/42 MP: 6/8
   482 | D        | Noticed a hippogriff
   482 | D        | Noticed a hill giant
   482 | D        | Noticed a water moccasin
   482 | D        | Noticed a slime creature
   484 | D        | Reached skill level 5 in Dodging
   488 | D        | Killed a hippogriff
   488 | D        | Reached skill level 5 in Maces & Flails
   488 | D        | Reached XP level 7. HP: 48/49 MP: 6/10
   497 | D        | Killed a hill giant
   497 | D        | Reached ** piety under Okawaru
   497 | D        | Reached *** piety under Okawaru
   497 | D        | Reached skill level 5 in Invocations
   497 | D        | Reached XP level 8. HP: 40/56 MP: 7/11
   504 | D        | Killed a slime creature
   786 | D        | Noticed a komodo dragon
   786 | D        | Noticed a yak
   789 | D        | Noticed a spiny frog
   789 | D        | Reached skill level 10 in Armour
   789 | D        | Reached skill level 10 in Shields
   794 | D        | Killed a komodo dragon
   794 | D        | Reached skill level 10 in Fighting
   796 | D        | Reached XP level 9. HP: 37/62 MP: 11/13
   798 | D        | Noticed a six-headed hydra
   805 | D        | Reached **** piety under Okawaru
   819 | D        | Killed a six-headed hydra
   819 | D        | Reached ***** piety under Okawaru
   828 | D        | Killed a spiny frog
  1052 | D        | Noticed a six-headed hydra
  1060 | D        | Noticed a spiny frog
  1066 | D        | Killed a six-headed hydra
  1066 | D        | Reached XP level 10. HP: 32/71 MP: 8/15
  1067 | D        | Noticed a spiny frog
  1080 | D        | Killed a spiny frog
  1080 | D        | Received a gift from Okawaru
  1089 | D        | Killed a spiny frog
  1333 | D        | Noticed a death yak
  1333 | D        | Noticed a death yak
  1333 | D        | Noticed a catoblepas
  1333 | D        | Noticed a death yak
  1337 | D        | Noticed a catoblepas
  1345 | D        | Killed a death yak
  1367 | D        | Killed a death yak
  1509 | D        | Killed a catoblepas
  1509 | D        | Reached XP level 11. HP: 78/78 MP: 9/17
  1513 | D        | Reached skill level 10 in Dodging
  1529 | D        | Killed a death yak
  1536 | D        | Killed a catoblepas
  1536 | D        | Received a gift from Okawaru
  1546 | D        | Got an encrusted dagger {god gift}
  1547 | D        | Identified the +1 dagger of Anxiety {drain, rF+} (Okawaru gifted it to you in the Dungeon)
  1955 | D        | Noticed an orc knight
  1955 | D        | Noticed an orc knight
  1965 | D        | Noticed an orc knight
  1969 | D        | Noticed an orc knight
  1981 | D        | Killed an orc knight
  1995 | D        | Killed an orc knight
  2008 | D        | Killed an orc knight
  2023 | D        | Killed an orc knight
  2142 | D        | Found Suptuta's Assorted Antiques.
  2142 | D        | Noticed an orc knight
  2142 | D        | Noticed an orc knight
  2142 | D        | Noticed an orc knight
  2142 | D        | Noticed an orc knight
  2145 | D        | Noticed an orc knight
  2157 | D        | Killed an orc knight
  2162 | D        | Killed an orc knight
  2162 | D        | Reached skill level 10 in Invocations
  2171 | D        | Killed an orc knight
  2186 | D        | Killed an orc knight
  2187 | D        | Found Xogroax's Antique Weapon Shoppe.
  2195 | D        | Killed an orc knight
  2195 | D        | Received a gift from Okawaru
  2195 | D        | Reached XP level 12. HP: 84/86 MP: 14/19
  2201 | D        | Reached skill level 10 in Maces & Flails
  2202 | D        | Found Yfipaxt's Antique Armour Emporium.
  2216 | D        | Found Meewn's Distillery.
  2310 | D        | Bought a potion of mutation for 35 gold pieces
  2318 | D        | Bought a coiled brass ring for 135 gold pieces
  2319 | D        | Identified the ring "Jasse" {Fire rElec rPois rN+ Str-5} (You bought it in a shop in the Dungeon)
  2470 | D        | Noticed Erica
  2480 | D        | Killed Erica
  2480 | D        | Reached skill level 15 in Armour
  2480 | D        | Reached skill level 15 in Shields
  2481 | D        | Noticed Maurice
  2488 | D        | Killed Maurice
  2933 | D        | Noticed an eight-headed hydra
  2941 | D        | Reached skill level 15 in Fighting
  2953 | D        | Noticed an ice dragon
  2967 | D        | Killed an eight-headed hydra
  2968 | D        | Noticed an ice dragon
  3265 | D        | HP: 1/88 [ice dragon/blast of cold (55)]
  3276 | D        | Killed an ice dragon
  3297 | D        | Noticed a deep troll shaman
  3297 | D        | Killed an ice dragon
  3304 | D        | Noticed an ice dragon
  3331 | D        | Killed a deep troll shaman
  3573 | D        | Killed an ice dragon
  3908 | D        | Noticed an alligator
  3924 | D        | Killed an alligator
  3929 | D        | Noticed an alligator
  3934 | D        | Killed an alligator
  3941 | D        | Reached XP level 13. HP: 88/93 MP: 21/21
  3981 | D        | Noticed an entropy weaver
  4092 | D        | HP: 4/94 [jumping spider (7)]
  4092 | D        | Slain by a jumping spider

Vault maps used:
D:        linesprint

Skill      XL: |  1  2  3  4  5  6  7  8  9 10 11 12 |
---------------+-------------------------------------+-----
Dodging        | 1 2 3 4 5 6 7 9 11 12 | 12.7
Armour         | 4 5 6 7 8 9 10 12 13 14 16 | 16.4
Fighting       | 4 5 6 8 9 10 11 13 14 16 | 16.2
Maces & Flails | 3 4 5 6 7 8 9 11 | 11.2
Shields        | 4 5 6 7 8 9 10 12 13 14 16 | 16.4
Invocations    | 1 2 4 5 6 7 8 10 11 | 11.6

Action                   |  1- 3 |  4- 6 |  7- 9 | 10-12 | 13-15 || total
-------------------------+-------+-------+-------+-------+-------++-------
Melee: Flail             |    69 |       |       |       |       ||    69
       Morningstar       |       |    46 |    81 |   314 |       ||   441
       Demon whip        |       |       |       |   204 |   109 ||   313
Throw: Tomahawk          |       |       |       |     6 |       ||     6
Invok: Heroism           |       |     1 |     3 |    12 |     1 ||    17
       Finesse           |       |       |     1 |    12 |     1 ||    14
Evoke: Wand              |       |       |       |       |     1 ||     1
  Use: Potion            |     2 |       |     2 |     2 |     2 ||     8
       Scroll            |       |       |     2 |     2 |     1 ||     5
 Stab: Confused          |       |       |       |     2 |     1 ||     3
  Eat: Chunk             |       |       |     2 |     4 |       ||     6
       Royal jelly       |       |       |       |     1 |       ||     1
       Meat ration       |       |       |       |     2 |       ||     2
Armor: Scale mail        |    46 |       |       |       |       ||    46
       Chain mail        |       |    38 |    53 |    14 |       ||   105
       Plate armour      |       |       |       |    45 |    26 ||    71
       Ring mail         |       |       |       |     9 |       ||     9
Dodge: Dodged            |    27 |    25 |    34 |    60 |    12 ||   158
Block: Shield            |    41 |    39 |    57 |   120 |    57 ||   314
